 Dungeon Crawl Stone Soup version 0.17.0-28-g6e173f8 (webtiles) character file.

198 lucasterio the Conjurer (level 5, -5/45 HPs)
             Began as a Troll Wizard on Dec 3, 2015.
             Slain by a worker ant (8 damage)
             ... on level 4 of the Dungeon.
             The game lasted 00:12:16 (2778 turns).

lucasterio the Conjurer (Troll Wizard)              Turns: 2778, Time: 00:12:16

Health: -5/45      AC:  5    Str: 15    XL:     5   Next: 47%
Magic:  2/8        EV:  9    Int: 15    God:
Gold:   249        SH:  0    Dex:  8    Spells: 4 memorised, 1 level left

rFire  . . .     SeeInvis .     (no weapon)
rCold  . . .     Clarity  .     a - +0 robe
rNeg   . . .     SustAt   .     (no shield)
rPois  .         Gourm    +     b - +0 hat
rElec  .         Spirit   .     (no cloak)
rCorr  .         Warding  .     (gloves unavailable)
rMut   .         Stasis   .     (boots unavailable)
MR     .....                    (no amulet)
Stlth  +.........               (no ring)
                                (no ring)

@: lethally poisoned (-5 -> -6), not resistant to hostile enchantments, very
unstealthy
A: unfitting armour, claws 3, fast metabolism 3, gourmand, regeneration 2,
shaggy fur 1, tough skin 2
a: no special abilities


You were on level 4 of the Dungeon.
You were very full.

You visited 1 branch of the dungeon, and saw 4 of its levels.

You collected 249 gold pieces.

Inventory:

Hand Weapons
 e - a +0 mace
 s - a +3 hand axe
Armour
 a - a +0 robe (worn)
 b - a +0 hat (worn)
Jewellery
 h - an uncursed ring of positive energy {unknown}
Scrolls
 i - 2 scrolls of enchant weapon {unknown}
 l - 3 scrolls of identify {unknown}
 o - a scroll of remove curse {unknown}
 p - a scroll of recharging {unknown}
 q - a scroll of teleportation {unknown}
 t - a scroll of fear {unknown}
Potions
 f - a potion of heal wounds {unknown}
 k - a potion of flight {unknown}
 m - a potion of brilliance {unknown}
 n - a potion of curing {unknown}
 r - a potion of magic {unknown}
Books
 c - a book of Minor Magic

   Spells                             Type                      Level
   a - Magic Dart                     Conjuration                  1
   b - Blink                          Translocation                2
   c - Call Imp                       Summoning                    2
   d - Repel Missiles                 Charms/Air                   2
   e - Slow                           Hexes                        2
   f - Conjure Flame                  Conjuration/Fire             3
   g - Mephitic Cloud                 Conjuration/Poison/Air       3
Comestibles
 d - 4 bread rations
 g - 2 meat rations
 j - 2 beef jerkies


   Skills:
 - Level 1.5 Dodging
 - Level 1.1 Stealth
 + Level 2.8 Spellcasting
 * Level 3.2 Conjurations
 - Level 0.6 Summonings
 - Level 0.6 Translocations


You had one spell level left.
You knew the following spells:

 Your Spells              Type           Power        Failure   Level  Hunger
a - Magic Dart            Conj           ##..         8%          1    #......
b - Blink                 Tloc           N/A          28%         2    ##.....
c - Call Imp              Summ           #.......     28%         2    ##.....
d - Mephitic Cloud        Conj/Pois/Air  #.......     43%         3    ###....


Dungeon Overview and Level Annotations

Branches:
Dungeon (4/15)
 Temple: D:4-7

Altars:
Fedhas
Gozag


Innate Abilities, Weirdness & Mutations

You are too large for most types of armour.
You have claws for hands.
Your metabolism is lightning-fast.
You like to eat raw meat.
You heal very quickly.
You are covered in fur (AC +1).
You have very tough skin (AC +2).


Message History

The worker ant poisons you!
You feel sick. The worker ant bites you.
You are more poisoned.
The worker ant poisons you!
Your magical contamination has completely faded away.
You feel sick.
You feel sick.
The orc priest miscasts a cantrip.
The worker ant bites you.
You feel sick.
You feel sick.
You feel sick.
You feel sick.
You feel sick.
You feel sick.
The orc priest mumbles some strange prayers to Beogh against you.
Something smites you!
* * * LOW HITPOINT WARNING * * *
The worker ant bites you!
You die...

......... #.... ##.#
....#.... ....## #.. #..#..
.#.##...##.## #.... ...
......... ##..###.#
#.#....# . #)....#.#
#.##.#.# ...
##.......###....#.####....
##.........o...a@.....(....
................##.<.......
###............######......
#......##.....#### #....
#.................. ...
#####..#.........$... .#
#..........#.....####
......##..######...#
.............# ##..


You could see a worker ant and an orc priest.

Vanquished Creatures
  An orc wizard (D:4)
  An iguana (D:4)
  8 adders
  2 oozes
  2 orcs (D:3)
  9 bats
  6 hobgoblins
  5 jackals (D:1)
  9 kobolds
  A quokka (D:3)
  A ball python (D:2)
  2 giant cockroaches
  4 giant geckos
  4 giant newts
  8 goblins
  5 rats
68 creatures vanquished.

Notes
Turn   | Place    | Note
--------------------------------------------------------------
     0 | D:1      | lucasterio the Troll Wizard began the quest for the Orb.
     0 | D:1      | Reached XP level 1. HP: 16/16 MP: 2/2
   182 | D:1      | Reached skill level 1 in Conjurations
   234 | D:1      | Reached XP level 2. HP: 24/24 MP: 0/4
   803 | D:2      | Reached XP level 3. HP: 28/31 MP: 1/5
   884 | D:2      | Found an opulent altar of Gozag.
  1215 | D:2      | Reached XP level 4. HP: 39/39 MP: 0/6
  1319 | D:2      | Found a faded altar to an unknown god.
  1842 | D:3      | Learned a level 2 spell: Blink
  1845 | D:3      | Learned a level 2 spell: Call Imp
  1849 | D:3      | Learned a level 3 spell: Mephitic Cloud
  2304 | D:3      | Found a blossoming altar of Fedhas.
  2560 | D:3      | Reached XP level 5. HP: 45/45 MP: 5/8
  2588 | D:4      | Reached skill level 3 in Conjurations
  2778 | D:4      | Slain by a worker ant

Action                   |  1- 3 |  4- 6 || total
-------------------------+-------+-------++-------
Melee: Mace              |    36 |       ||    36
       Unarmed           |    78 |    41 ||   119
 Cast: Magic Dart        |    41 |    75 ||   116
  Eat: Chunk             |    18 |    13 ||    31
